 Dungeon Crawl Stone Soup version 0.21-a0-404-g291f19a (webtiles) character file.

23645 spudlife the Fighter (level 13, -2/169 HPs)
             Began as an Ogre Transmuter on Oct 27, 2017.
             Was the Champion of Okawaru.
             Slain by a death yak (23 damage)
             ... on level 2 of the Lair of Beasts.
             The game lasted 00:26:41 (16785 turns).

spudlife the Fighter (Ogre Transmuter)             Turns: 16785, Time: 00:26:41

Health: -2/169     AC:  6    Str: 17    XL:     13   Next: 8%
Magic:  6/20       EV: 17    Int: 18    God:    Okawaru [******]
Gold:   611        SH:  0    Dex:  9    Spells: 1/22 levels left

rFire    x . .     SeeInvis .     - Unarmed
rCold    + + +     Gourm    .   (shield currently unavailable)
rNeg     . . .     Faith    .   (armour currently unavailable)
rPois    +         Spirit   .   (helmet currently unavailable)
rElec    .         Reflect  .   (cloak currently unavailable)
rCorr    .         Harm     .   (gloves unavailable)
MR       +....                  (boots unavailable)
Stlth    +++.......             m - amulet of regeneration
HPRegen  0.78/turn              g - ring of wizardry
MPRegen  0.17/turn              N - +1 ring of evasion

@: about to teleport, ice-form, heroism, finesse
A: unfitting armour
a: End Transformation, Heroism, Finesse, Renounce Religion


You were on level 2 of the Lair of Beasts.
You worshipped Okawaru.
Okawaru was exalted by your worship.
You were not hungry.
You were a creature of crystalline ice.
You visited 2 branches of the dungeon, and saw 13 of its levels.

You collected 611 gold pieces.

Inventory:

Missiles
 a - 190 arrows
 i - 428 stones (quivered)
 y - 5 throwing nets
Armour
 b - a +1 robe (melded)
Jewellery
 g - a ring of wizardry (left front paw)
 h - an uncursed amulet of the gourmand
 m - an amulet of regeneration (around neck)
 N - a +1 ring of evasion (right front paw)
 S - an uncursed ring of positive energy
Wands
 q - a wand of disintegration (12/24)
 x - a wand of acid (7/15)
 G - a wand of acid (15/15)
 H - a wand of polymorph (12/24)
 J - a wand of flame (17/48)
 K - a wand of paralysis (7/24)
 M - a wand of acid (4/15)
 Q - a wand of lightning (4/15)
Scrolls
 f - 5 scrolls of remove curse
 n - 5 scrolls of teleportation
 p - a scroll of fog
 r - a scroll of amnesia
 s - a scroll of fear
 F - 2 scrolls of identify
 I - 2 scrolls of recharging
 O - 2 scrolls of enchant weapon
 V - a scroll of blinking
Potions
 e - a potion of flight
 k - a potion of ambrosia
 l - a potion of mutation {unknown}
 u - 4 potions of curing
 w - 3 potions of haste
 z - a potion of degeneration {unknown}
 A - 4 potions of lignification {unknown}
 D - a potion of resistance {unknown}
 E - a potion of heal wounds {unknown}
 P - a potion of cancellation {unknown}
 T - a potion of invisibility {unknown}
 X - a potion of brilliance {unknown}
 Y - a potion of agility {unknown}
Books
 c - a book of Maledictions

   Spells                             Type                      Level
   a - Corona                         Hexes                        1
   b - Ensorcelled Hibernation        Hexes/Ice                    2
   c - Confuse                        Hexes                        3
   d - Tukima's Dance                 Hexes                        3
   e - Dazzling Spray                 Conjuration/Hexes            3
Miscellaneous
 R - a phantom mirror
Comestibles
 d - 4 bread rations
 j - 9 meat rations
 o - 4 chunks of flesh
 v - 6 royal jellies
 B - 6 fruits


   Skills:
 - Level 12.8(17.8) Fighting
 - Level 8.7(13.7) Dodging
 - Level 9.8(14.8) Unarmed Combat
 - Level 5.0 Spellcasting
 - Level 4.0 Conjurations
 - Level 6.7 Transmutations
 + Level 7.3 Ice Magic
 - Level 5.9 Invocations


You had one spell level left.
You knew the following spells:

 Your Spells              Type           Power        Failure   Level  Hunger
a - Iskenderun's Mystic   Conj           ###.....     10%         4    ####...
b - Sticks to Snakes      Tmut           ####....     1%          2    #......
c - Spider Form           Tmut/Pois      ###.......   4%          3    ##.....
d - Ice Form              Ice/Tmut       ####....     2%          4    ####...
e - Blade Hands           Tmut           ####......   9%          5    ######.
f - Ozocubu's Armour      Chrm/Ice       ###.....     3%          3    ##.....


Dungeon Overview and Level Annotations

Branches:
Dungeon (11/15)            Temple (0/1) D:5            Lair (2/6) D:11
    Orc (0/2) D:10
  Swamp: Lair:2-4    Shoals: Lair:2-4     Snake: Lair:2-4    Spider: Lair:2-4

Altars:
Ashenzari
Elyvilon
Fedhas
Gozag
Hepliaklqana
Kikubaaqudgha
Makhleb
Nemelex Xobeh
Okawaru
Qazlal
Sif Muna
Trog
Uskayaw
Xom
Zin

Shops:
D:4 [   D:7 }%[   D:10 ([


Innate Abilities, Weirdness & Mutations

You are too large for most types of armour.
((You have tough skin. (AC +1)))


Message History

You pummel the worker ant!! You freeze the worker ant.
You kill the worker ant!
Okawaru accepts your kill.
You feel better. The death yak gores you!
* * * LOW HITPOINT WARNING * * *
You feel better.
Your icy armour evaporates.
The death yak gores you!!
* * * LOW HITPOINT WARNING * * *
Unknown command.
You punch the death yak! You freeze the death yak.
The death yak is almost dead.
The death yak misses you.
Unknown command.
As you read the scroll of teleportation, it crumbles to dust.
You feel strangely unstable.
You hit the death yak but do no damage.
The death yak is almost dead.
The death yak gores you!!
You die...

.......##.8.#####.###.#. ##
.............##P.## #.. .
.8.<.8....>.8###.#(#.## .# ##
..............##.##.#.##.#...
........#.8.##...#†..........
#..8...######....Y#†.#..a...#
......## #P##.#Y#.....a#
....## ## ##Y##Y..#.... ...#
#Y#....## #. .# #P...##.....
##..#....... ....#..#..#
....#.##.#.. .....## ####.
(.###.. .. ... ###


You could see 2 death yaks.

Vanquished Creatures
  Harold (Lair:1)
  A hydra (Lair:2)
  4 two-headed ogres
  2 death yaks (Lair:2)
  A queen ant (Lair:2)
  2 ugly things (D:11)
  A black mamba (Lair:1)
  A gargoyle (D:11)
  2 spiny frogs (Lair:1)
  5 komodo dragons
  A troll (D:11)
  Prince Ribbit (Lair:2)
  4 blink frogs (Lair:2)
  A hippogriff (D:7)
  The ghost of p0werm0de the Sneak, an amateur OpEn (D:6)
  Sigmund (D:4)
  29 yaks
  A wyvern (D:11)
  2 basilisks (Lair:1)
  Grum (Lair:1)
  2 hungry ghosts
  9 soldier ants (Lair:2)
  5 orc warriors
  2 water moccasins
  2 porcupines (Lair:1)
  3 ice beasts
  3 sky beasts
  A black bear (D:9)
  A phantom (D:6)
  6 ogres
  7 wolves (Lair:1)
  4 centaurs
  3 crocodiles
  5 big kobolds
  A gnoll sergeant (D:5)
  4 bullfrogs
  8 killer bees (D:11)
  4 scorpions
  4 wights (D:6)
  4 howler monkeys
  3 electric eels
  7 crimson imps
  A centaur zombie (D:6)
  A bullfrog zombie (D:11)
  6 hounds
  A jelly (D:10)
  An orc priest (D:9)
  13 orc wizards
  A bullfrog skeleton (D:11)
  11 iguanas
  25 worker ants
  2 killer bee zombies (D:6)
  17 adders
  5 gnolls (D:5)
  2 shadow imps
  2 adder skeletons
  4 worms
  3 dart slugs
  5 leopard geckos
  39 orcs
  A ball python (D:7)
  8 bats
  8 giant cockroaches
  8 goblins
  8 hobgoblins
  15 jackals
  33 kobolds
  5 quokkas
  6 frilled lizards
  2 leopard gecko skeletons
  8 rats
391 creatures vanquished.

Vanquished Creatures (others)
  A quokka skeleton (D:4)
  21 plants (D:11)
22 creatures vanquished.

Grand Total: 413 creatures vanquished

Notes
Turn   | Place    | Note
-------+----------+-------------------------------------------
     0 | D:1      | spudlife the Ogre Transmuter began the quest for the Orb.
     0 | D:1      | Reached XP level 1. HP: 19/19 MP: 3/3
   229 | D:1      | Reached XP level 2. HP: 17/28 MP: 3/5
   346 | D:1      | Learned a level 2 spell: Sticks to Snakes
   441 | D:1      | Reached skill level 2 in Fighting
  1346 | D:1      | Reached XP level 3. HP: 32/35 MP: 5/7
  1366 | D:1      | Learned a level 3 spell: Spider Form
  2806 | D:2      | Found a burning altar of Makhleb.
  3027 | D:2      | Reached XP level 4. HP: 44/44 MP: 4/8
  3598 | D:3      | Reached skill level 3 in Fighting
  4011 | D:3      | Reached XP level 5. HP: 40/53 MP: 4/10
  4604 | D:3      | Learned a level 4 spell: Ice Form
  4723 | D:3      | Found a bloodstained altar of Trog.
  5277 | D:4      | Found an iron altar of Okawaru.
  5400 | D:4      | Became a worshipper of Warmaster Okawaru
  5471 | D:4      | Reached skill level 4 in Fighting
  5471 | D:4      | Reached XP level 6. HP: 56/62 MP: 8/11
  5642 | D:4      | Noticed Sigmund
  5653 | D:4      | Killed Sigmund
  5707 | D:4      | Found Damul's Armour Boutique.
  5725 | D:4      | Found a stormy altar of Qazlal.
  5996 | D:5      | Entered Level 5 of the Dungeon
  6062 | D:5      | Reached XP level 7. HP: 70/71 MP: 10/13
  6088 | D:5      | Found a staircase to the Ecumenical Temple.
  6091 | D:5      | Found a deep blue altar of Sif Muna.
  6091 | D:5      | Found a shattered altar of Ashenzari.
  6195 | D:5      | Reached skill level 5 in Fighting
  6318 | D:5      | Reached * piety under Okawaru
  6418 | D:5      | Found a blossoming altar of Fedhas.
  7074 | D:5      | Reached skill level 5 in Spellcasting
  7150 | D:5      | Learned a level 5 spell: Blade Hands
  7171 | D:6      | Found an ancient bone altar of Kikubaaqudgha.
  7182 | D:6      | Noticed p0werm0de's ghost (amateur OpEn)
  7215 | D:6      | Killed p0werm0de's ghost
  7215 | D:6      | Reached XP level 8. HP: 60/83 MP: 13/15
  7306 | D:6      | Reached skill level 6 in Fighting
  7306 | D:6      | Reached skill level 5 in Unarmed Combat
  7573 | D:6      | Reached ** piety under Okawaru
  7648 | D:6      | Reached skill level 5 in Transmutations
  7758 | D:6      | Reached skill level 7 in Fighting
  8045 | D:6      | Reached XP level 9. HP: 81/93 MP: 11/16
  8422 | D:6      | You fall through a shaft for 2 floors!
  8558 | D:7      | Reached skill level 8 in Fighting
  8660 | D:7      | Found Uqon's Antique Armour Emporium.
  8999 | D:7      | Reached *** piety under Okawaru
  9055 | D:7      | Found Rys Kac's Food Emporium.
  9237 | D:7      | Found a hide-covered altar of Uskayaw.
  9313 | D:7      | Found Itruecua's Gadget Shoppe.
  9604 | D:8      | Noticed a two-headed ogre
  9614 | D:8      | Killed a two-headed ogre
  9614 | D:8      | Reached skill level 9 in Fighting
  9614 | D:8      | Reached skill level 5 in Dodging
  9614 | D:8      | Reached XP level 10. HP: 82/107 MP: 12/17
  9704 | D:8      | Reached **** piety under Okawaru
  9967 | D:8      | Found a white marble altar of Elyvilon.
 10100 | D:8      | Found an opulent altar of Gozag.
 10100 | D:8      | Found a sparkling altar of Nemelex Xobeh.
 10363 | D:9      | Reached skill level 1 in Invocations
 10805 | D:9      | Reached skill level 10 in Fighting
 11023 | D:9      | Reached ***** piety under Okawaru
 11084 | D:9      | Noticed a two-headed ogre
 11096 | D:9      | Killed a two-headed ogre
 11307 | D:9      | Noticed a two-headed ogre
 11316 | D:9      | Killed a two-headed ogre
 11316 | D:9      | Received a gift from Okawaru
 11316 | D:9      | Reached XP level 11. HP: 75/119 MP: 13/18
 11374 | D:9      | Found a shimmering altar of Xom.
 11392 | D:9      | Found a hazy altar of Hepliaklqana.
 11627 | D:10     | Entered Level 10 of the Dungeon
 11902 | D:10     | Noticed a two-headed ogre
 11914 | D:10     | Killed a two-headed ogre
 11914 | D:10     | Reached skill level 11 in Fighting
 11914 | D:10     | Reached skill level 5 in Invocations
 11975 | D:10     | Found Sonouhat's Weapon Boutique.
 11975 | D:10     | Found a staircase to the Orcish Mines.
 11976 | D:10     | Found Zufurgh's Armour Boutique.
 12791 | D:11     | Noticed a green ugly thing
 12803 | D:11     | Killed a green ugly thing
 13030 | D:11     | Learned a level 4 spell: Iskenderun's Mystic Blast
 13224 | D:11     | Noticed a green ugly thing
 13240 | D:11     | Killed a green ugly thing
 13240 | D:11     | Reached skill level 1 in Conjurations
 13502 | D:11     | Found a glowing silver altar of Zin.
 13735 | D:11     | Reached ****** piety under Okawaru
 13840 | D:11     | Found a staircase to the Lair.
 13866 | D:11     | Received a gift from Okawaru
 13942 | D:11     | Reached skill level 12 in Fighting
 14314 | Lair:1   | Entered Level 1 of the Lair of Beasts
 14350 | Lair:1   | Reached XP level 12. HP: 132/132 MP: 12/19
 14693 | Lair:1   | Noticed Grum
 14700 | Lair:1   | Killed Grum
 14762 | Lair:1   | Noticed Harold
 14782 | Lair:1   | Killed Harold
 15466 | Lair:1   | Learned a level 3 spell: Ozocubu's Armour
 15556 | Lair:1   | Reached skill level 1 in Ice Magic
 16471 | Lair:2   | Noticed Prince Ribbit
 16480 | Lair:2   | Received a gift from Okawaru
 16487 | Lair:2   | Killed Prince Ribbit
 16502 | Lair:2   | Noticed a seven-headed hydra
 16514 | Lair:2   | Killed a seven-headed hydra
 16686 | Lair:2   | Noticed a queen ant
 16692 | Lair:2   | Reached skill level 5 in Ice Magic
 16694 | Lair:2   | Killed a queen ant
 16739 | Lair:2   | Noticed a death yak
 16747 | Lair:2   | Noticed a death yak
 16757 | Lair:2   | Killed a death yak
 16757 | Lair:2   | Reached XP level 13. HP: 55/141 MP: 3/20
 16768 | Lair:2   | Received a gift from Okawaru
 16785 | Lair:2   | Slain by a death yak

Vault maps used:
D:1:      denvon_arrival_planthouse
D:2:      old_standard_altar, minmay_distorted
D:3:      lemuel_round_altar
D:4:      okawaru_gym_becter, grunt_qazlal_clouds, serial_shops, shop,
          serial_bayou, serial_bayou_shore_b, serial_bayou_pond_a,
          serial_bayou_pond_d, serial_bayou_crossing, first_bread, uniq_sigmund
D:5:      fedhas_bush_and_centaur_altar, grunt_temple_overflow_open,
          temple_fountains
D:6:      basic_altar
D:7:      kennysheep_mini_moat, serial_shops, shop_fountains,
          nicolae_shop_waterfront, shop, fountainhead
D:8:      grunt_temple_overflow_opulence, lemuel_coloured_pillars_altar
D:9:      kennysheep_mini, lemuel_crystal_altar
D:10:     orc_david_3
D:11:     david_lair_shrubbed, basic_altar
Lair:1:   beast_lair_carwin_large_3, serial_bayou_shore_a, grunt_megastairs_5,
          infiniplex_staircase_pool, serial_bayou_shore_b, uniq_grum,
          uniq_harold
Lair:2:   nicolae_spider_entry_tight_spaces, minmay_another_anthill,
          grunt_megastairs_3, uniq_prince_ribbit2

Skill      XL: |  1  2  3  4  5  6  7  8  9 10 11 12 13 |
---------------+----------------------------------------+-----
Transmutations | 2 3 4 5 6 |  6.7
Fighting       | 2 3 4 5 7 9 10 12 | 12.8
Unarmed Combat | 3 4 5 6 8 9 |  9.8
Spellcasting   | 3 4 5 |  5.0
Dodging        | 2 3 5 6 8 |  8.7
Invocations    | 4 5 |  5.9
Conjurations   | 2 4 |  4.0
Ice Magic      | 6 7 |  7.3

Action                   |  1- 3 |  4- 6 |  7- 9 | 10-12 | 13-15 || total
-------------------------+-------+-------+-------+-------+-------++-------
Melee: Unarmed           |   130 |   155 |   345 |   744 |    20 ||  1394
       Headbutt          |     5 |       |       |       |       ||     5
       Kick              |     5 |       |       |       |       ||     5
       Punch             |       |       |       |     2 |       ||     2
 Cast: Beastly Appendage |    24 |       |       |       |       ||    24
       Spider Form       |     3 |    32 |    43 |    61 |       ||   139
       Ice Form          |       |     1 |     3 |     5 |       ||     9
       Blade Hands       |       |       |     1 |     3 |       ||     4
       Iskenderun's Myst |       |       |       |     2 |       ||     2
       Ozocubu's Armour  |       |       |       |     5 |       ||     5
Invok: Heroism           |       |       |     4 |    17 |       ||    21
       Finesse           |       |       |       |     2 |       ||     2
  Use: Scroll            |       |     6 |    11 |     5 |     1 ||    23
       Potion            |       |       |       |       |     2 ||     2
  Eat: Chunk             |     7 |    13 |    12 |    16 |       ||    48
       Royal jelly       |       |       |     2 |       |       ||     2
       Bread ration      |       |       |       |     3 |       ||     3
       Meat ration       |       |       |       |     1 |       ||     1
Armor: Robe              |    46 |    10 |     3 |    18 |       ||    77
       Skin              |       |    11 |    11 |    33 |     1 ||    56
Dodge: Dodged            |    72 |   141 |   298 |   736 |     8 ||  1255

Table legend:
 A = Spawn XP
 B = Non-spawn XP
 C = Spawn XP percentage of total XP
 D = Spawn monster count
 E = Non-spawn monster count
 F = Spawn count percentage of total count
 G = Total turns spent on level
                    A         B        C        D         E        F      G
               +---------+---------+-------+---------+---------+-------+---------
         Total |       0 |   33779 |   0.0 |       0 |     391 |   0.0 | 16785
               +---------+---------+-------+---------+---------+-------+---------
           D:1 |       0 |      44 |   0.0 |       0 |      22 |   0.0 |  2428
           D:2 |       0 |      66 |   0.0 |       0 |      18 |   0.0 |  1150
           D:3 |       0 |     111 |   0.0 |       0 |      39 |   0.0 |  1590
           D:4 |       0 |     393 |   0.0 |       0 |      11 |   0.0 |   909
           D:5 |       0 |     420 |   0.0 |       0 |      17 |   0.0 |  1094
           D:6 |       0 |    1599 |   0.0 |       0 |      31 |   0.0 |  1251
           D:7 |       0 |     946 |   0.0 |       0 |      31 |   0.0 |  1053
           D:8 |       0 |    1703 |   0.0 |       0 |      20 |   0.0 |   676
           D:9 |       0 |    4547 |   0.0 |       0 |      42 |   0.0 |  1518
          D:10 |       0 |    2884 |   0.0 |       0 |      34 |   0.0 |  1122
          D:11 |       0 |    5489 |   0.0 |       0 |      47 |   0.0 |  1523
        Lair:1 |       0 |    7604 |   0.0 |       0 |      39 |   0.0 |  2126
        Lair:2 |       0 |    7973 |   0.0 |       0 |      40 |   0.0 |   345
               +---------+---------+-------+---------+---------+-------+---------
